 Dungeon Crawl Stone Soup version 0.30-a0-860-g512cf1e (webtiles) character file.

Game seed: 4142143802186750983

46 Widdershin the Trooper (level 3, 0/41 HPs)
             Began as an Ogre Berserker on Mar 8, 2023.
             Was a Follower of Trog.
             Succumbed to an adder's poison
             ... on level 1 of the Dungeon.
             The game lasted 00:04:32 (1046 turns).

Widdershin the Trooper (Ogre Berserker)             Turns: 1046, Time: 00:04:32

Health: 0/41       AC:  3    Str: 23    XL:     3   Next: 68%
Magic:  3/3        EV: 10    Int:  8    God:    Trog [*.....]
Gold:   31         SH:  0    Dex:  8    Spells: 2/2 levels left

rFire   . . .      SeeInvis .    a - +0 spear
rCold   . . .      Faith    .    (no shield)
rNeg    . . .      Spirit   .    b - +0 animal skin
rPois   .          Reflect  .    (helmet restricted)
rElec   .          Rampage  .    (no cloak)
rCorr   .                        (gloves unavailable)
Will    .....                    (boots unavailable)
Stlth   +                        (no amulet)
HPRegen 0.26/turn                (no ring)
MPRegen 0.08/turn                (no ring)

@: lethally poisoned (0 -> -2), about to teleport, on berserk cooldown, slowed,
very slow
A: large, unfitting armour, tough skin 1
a: Renounce Religion, Berserk


You were on level 1 of the Dungeon.
You worshipped Trog.
Trog was aware of your devotion.
You visited 1 branch of the dungeon, and saw 2 of its levels.

You collected 31 gold pieces.

Inventory:

Hand Weapons
 a - a +0 spear (weapon)
 c - a +0 club
 h - a +0 dagger of venom
Armour
 b - a +0 animal skin (worn)
Scrolls
 e - a scroll of poison


   Skills:
 + Level 4.8 Fighting
 + Level 3.4 Polearms
 + Level 3.3 Dodging


You had 2 spell levels left.
You didn't know any spells.
Your spell library was empty.

Dungeon Overview and Level Annotations

Branches:
Dungeon (2/15)

Altars:


Innate Abilities, Weirdness & Mutations

You are too large for most types of armour.
You have tough skin. (AC +1)


Message History

A hobgoblin comes into view. It is wielding a +0 sling.
The hobgoblin shouts!
You hit the adder.
You kill the adder!
You feel very sick. The ball python bites you.
* * * LOW HITPOINT WARNING * * *
You closely miss the ball python.
The hobgoblin shoots a sling bullet.
You puncture the ball python!
You kill the ball python!
The hobgoblin shoots a sling bullet.
The sling bullet hits you.
* * * LOW HITPOINT WARNING * * *
You climb upwards.
You feel a strong urge to attack something.
* * * LOW HITPOINT WARNING * * *
There is a stone staircase leading down, spattered with blood here.
You see here an adder skeleton.
You feel your anger nearly subside.
You are no longer berserk.
You are exhausted.
You feel yourself slow down.
* * * LOW HITPOINT WARNING * * *
Okay, then.
You are a level 3 Ogre Berserker.
You are 68% of the way to level 4.
Play time: 00:04:13 (1044 turns).
Zot will find you in 10960 turns if you stay in this branch and explore no new floors.
You aren't carrying any potions.
You aren't wearing any rings or amulets.
As you read the scroll labelled UMAN LEGGAUPH, it crumbles to dust.
It is a scroll of identify.
e - a scroll of poison
* * * LOW HITPOINT WARNING * * *
As you read the scroll labelled VATIGH LUOZAH, it crumbles to dust.
You feel strangely unstable.
It was a scroll of teleportation.
* * * LOW HITPOINT WARNING * * *
Blink to where?
Press: ? - help, Dir - move target
As you read the scroll labelled KYRITTOAPT, it crumbles to dust.
It was a scroll of blinking.
You die...

#.#####
#.............#.
#.....#
#..........##.#.
#.###.#
##.##########..>
#.###.####.# ###.
#.......##.# #.
#####.#.##.##### #.
#.#.##.....# ##
#.#§######.# ###.#@##
#.######
###....#>#####......#
#.....###...#######.#
#.#.##.#.##.# #.#
#.#.###.###.# #.#
#.#.# #.# #.# #.#
#.#.###.# #.# #.#
#.......# #.#
####.#### #..†#####
#.# #........


There were no monsters in sight!

Vanquished Creatures
  2 adders
  3 bats (D:1)
  An endoplasm (D:1)
  2 goblins (D:1)
  2 hobgoblins
  6 jackals
  A quokka (D:1)
  3 ball pythons
  A frilled lizard (D:1)
  3 kobolds
  A rat (D:2)
25 creatures vanquished.

Notes
Turn   | Place    | Note
-------+----------+-------------------------------------------
     0 | D:1      | Widdershin the Ogre Berserker began the quest for the Orb.
     0 | D:1      | Reached XP level 1. HP: 24/24 MP: 1/1
   114 | D:1      | Reached XP level 2. HP: 28/32 MP: 2/2
   761 | D:1      | Reached XP level 3. HP: 19/40 MP: 3/3
  1044 | D:1      | HP: 2/41 [poisoned by an adder]
  1046 | D:1      | Succumbed to an adder's poison

Illustrated notes

Levels and vault maps discovered:
D:1:      spicycebolla_green_bress_n_ham, layout_loops_ring
D:2:      layout_rooms, serial_shops, shop

Skill      XL: |  1  2 |
---------------+-------+-----
Dodging        | 3 |  3.3
Fighting       | |  4.8
Polearms       | |  3.4

Action                     || total
---------------------------++-------
  Melee: Spear             ||   104
         Punch             ||     3
 Invoke: Berserk           ||     1
    Use: Scroll            ||     3
 Armour: Animal skin       ||    29
  Dodge: Dodged            ||    61

Table legend: (Time is in decaauts)
 A = Elapsed time spent in this place.
 B = Non-inter-level travel time spent in this place.
 C = Inter-level travel time spent in this place.
 D = Time resting spent in this place.
 E = Time spent auto-exploring this place.
 F = Levels seen in this place.
 G = Mean time per level.
                   A        B        C        D        E       F      G
               +--------+--------+--------+--------+--------+-----+--------+
         Total |   1042 |   1006 |     36 |    225 |    487 |   2 |  521.0 |
       Dungeon |   1042 |   1006 |     36 |    225 |    487 |   2 |  521.0 |
               +--------+--------+--------+--------+--------+-----+--------+

Top non-repeatable levels by time:
     D:1: 988 daAuts
     D:2: 54 daAuts
